 Dungeon Crawl Stone Soup version 0.26.1-11-gd32895ea62 (webtiles) character file.

Game seed: 6535079501960851536

158 Tirrikindir the Ducker (level 5, -11/36 HPs)
             Began as an Octopode Fighter on June 16, 2021.
             Killed by divine providence
             ... invoked by an orc priest
              (14 damage)
             ... on level 3 of the Dungeon.
             The game lasted 00:04:43 (3029 turns).

Tirrikindir the Ducker (Octopode Fighter)           Turns: 3029, Time: 00:04:45

Health: -11/36     AC:  1    Str: 15    XL:     5   Next: 39%
Magic:  5/5        EV: 12    Int: 11    God:
Gold:   60         SH: 10    Dex: 12    Spells: 4/4 levels left

rFire    . . .     SeeInvis .   a - +0 long sword
rCold    . . .     Faith    .   b - +1 kite shield
rNeg     . . .     Spirit   .   (helmet restricted)
rPois    .         Reflect  .   (no amulet)
rElec    .         Harm     .   (no ring)
rCorr    .         Rampage  .   (no ring)
Will     .....                  (no ring)
Stlth    +++.......             (no ring)
HPRegen  0.12/turn              (no ring)
MPRegen  0.09/turn              (no ring)
                                (no ring)
                                (no ring)

@: mighty, slowed, very slow
A: almost no armour, stealthy swim, amphibious, 8 rings, constrict 8, camouflage
1, gelatinous body 1
a: no special abilities


You were on level 3 of the Dungeon.
You visited 1 branch of the dungeon, and saw 3 of its levels.

You collected 60 gold pieces.

Inventory:

Hand Weapons
 a - a +0 long sword (weapon)
 h - a +0 short sword
Missiles
 d - 29 poisoned darts (quivered)
Armour
 b - a +1 kite shield (worn)
Jewellery
 m - an uncursed ring of willpower {unknown}
Scrolls
 j - a scroll of teleportation
Potions
 e - a potion of lignification {unknown}
 f - 2 potions of curing {unknown}
 g - a potion of flight {unknown}
 i - 2 potions of heal wounds {unknown}
 k - 2 potions of mutation {unknown}
 l - a potion of attraction {unknown}


   Skills:
 + Level 3.6 Fighting
 * Level 3.5 Long Blades
 + Level 3.6 Dodging
 + Level 2.6 Stealth
 + Level 3.5 Shields


You had 4 spell levels left.
You didn't know any spells.
Your spell library was empty.

Dungeon Overview and Level Annotations

Branches:
Dungeon (3/15)

Altars:
Cheibriados
Wu Jian


Innate Abilities, Weirdness & Mutations

You cannot wear most types of armour.
You are very stealthy in the water. (Stealth+)
You are amphibious.
You can wear up to eight rings at the same time.
You can use your tentacles to constrict eight enemies at once.
Your skin changes colour to match your surroundings (Stealth+).
Your rubbery body absorbs attacks. (AC +1, EV +1)


Message History

You grab the orc wizard. You block the orc's attack.
You barely miss the adder. Your grab misses the adder.
The adder is heavily wounded.
You constrict the orc.
You kill the orc!
You constrict the orc wizard, but do no damage.
The adder completely misses you. The orc wizard closely misses you.
The adder bites you.
* * * LOW HITPOINT WARNING * * *
The orc priest hits you with a +0 hand axe.
* * * LOW HITPOINT WARNING * * *
You block the orc wizard's attack. The adder bites you but does no damage.
You hit the orc priest. Your grab misses the orc priest.
The orc priest is lightly wounded.
You constrict the orc wizard. You block the adder's attack.
The orc wizard hits you with a +0 dagger.
* * * LOW HITPOINT WARNING * * *
The orc priest mumbles some strange prayers to Beogh against you.
Beogh smites you!
You die...

...# #..... ....
#################.....
....
................>....
...#
####.........#####.....
...# #............#
###+#. ####
#............# #.#.
#.#.....o......# #.#.
### #......ooS.....#
#.#. ..#
##....##@####### #.##
..# #....##.# #.## ..#
##...##.# #.## ..#
#..=##.# #.## ..#
#.####.# #.## ..# #.
#.# #.## ..# ## #.#
#... ##### ..# #...
....### #...


You could see an orc priest, an orc wizard, an adder and an orc.

Vanquished Creatures
  Crazy Yiuf (D:2)
  A centaur skeleton (D:2)
  3 adders
  A gnoll (D:1)
  A dart slug (D:1)
  4 leopard geckos
  An orc (D:3)
  6 bats
  3 giant cockroaches
  10 goblins
  5 hobgoblins
  7 kobolds
  A quokka (D:3)
  A ball python (D:3)
  11 frilled lizards
  4 rats (D:2)
60 creatures vanquished.

Vanquished Creatures (others)
  5 fungi (D:2)
  4 plants (D:1)
9 creatures vanquished.

Grand Total: 69 creatures vanquished

Notes
Turn   | Place    | Note
-------+----------+-------------------------------------------
     0 | D:1      | Tirrikindir the Octopode Fighter began the quest for the
                  | Orb.
     0 | D:1      | Reached XP level 1. HP: 16/16 MP: 1/1
   214 | D:1      | Reached XP level 2. HP: 21/21 MP: 2/2
   423 | D:1      | Reached skill level 1 in Stealth
   602 | D:1      | Reached XP level 3. HP: 26/26 MP: 3/3
  1051 | D:2      | Found a snail-covered altar of Cheibriados.
  1443 | D:2      | Found a runed translucent door.
  1444 | D:2      | Noticed Crazy Yiuf
  1452 | D:2      | Killed Crazy Yiuf
  1453 | D:2      | Reached XP level 4. HP: 16/31 MP: 0/4
  2228 | D:2      | Reached XP level 5. HP: 14/36 MP: 5/5
  2649 | D:2      | Found an ornate altar of the Wu Jian Council.
  3029 | D:3      | Killed from afar by an orc priest

Illustrated notes

Levels and vault maps discovered:
D:1:      lemuel_arrival_lava_pool, layout_loops_cross, serial_glass,
          glass_columns_a, glass_columns_a, glass_columns_b, glass_columns_a,
          minmay_lizard_king
D:2:      lemuel_upstairs_altar, layout_loops_corners, old_standard_altar,
          uniq_crazy_yiuf_cottage
D:3:      layout_basic, nicolae_overflow_crystal_walls,
          yredelemnul_altar_generic

Skill      XL: |  1  2  3 |
---------------+----------+-----
Stealth        | 1 2 |  2.6
Long Blades    | 3 |  3.5
Fighting       | |  3.6
Dodging        | |  3.6
Shields        | |  3.5

Action                   |  1- 3 |  4- 6 || total
-------------------------+-------+-------++-------
Melee: Long sword        |    64 |    47 ||   111
       Constrict         |    21 |    13 ||    34
       Tentacles         |     9 |     8 ||    17
Throw: Dart              |     2 |       ||     2
  Use: Scroll            |     3 |     1 ||     4
       Potion            |       |     1 ||     1
 Stab: Sleeping          |     2 |     8 ||    10
       Distracted        |       |     1 ||     1
Armor: Skin              |     3 |     5 ||     8
Dodge: Dodged            |    23 |    17 ||    40
Block: Kite shield       |    32 |    26 ||    58
       Rpst.: Long sword |     5 |     5 ||    10
